 Dungeon Crawl Stone Soup version 0.23.2-33-g5129a83184 (webtiles) character file.

Game seed: 16435415586632927618

7399 FishyPogo the Spear-Bearer (level 10, -13/92 (96) HPs)
             Began as a Troll Berserker on July 28, 2019.
             Was an Elder of Trog.
             Mangled by a white ugly thing (32 damage)
             ... on level 10 of the Dungeon.
             The game lasted 01:01:16 (8528 turns).

FishyPogo the Spear-Bearer (Troll Berserker)        Turns: 8528, Time: 01:01:19

HP:   -13/92 (96)   AC: 11    Str: 29    XL:     10   Next: 92%
MP:   0/9           EV: 16    Int:  3    God:    Trog [****..]
Gold: 710           SH:  0    Dex: 10    Spells: 9/9 levels left

rFire    . . .     SeeInvis +   a - +6 spear "Woilizir" {freeze, +Blink}
rCold    . . .     Gourm    +   (no shield)
rNeg     . . .     Faith    .   T - +0 acid dragon scales
rPois    .         Spirit   +   (helmet restricted)
rElec    .         Reflect  .   (no cloak)
rCorr    +         Harm     .   (gloves unavailable)
MR       ++...                  (boots unavailable)
Stlth    +.........             P - amulet of guardian spirit
HPRegen  1.65/turn              q - +5 ring of evasion
MPRegen  0.11/turn              w - ring of see invisible

@: berserk cooldown, regenerating, studying Throwing
A: large, unfitting armour, claws 3, fast metabolism 3, gourmand, regeneration
1, shaggy fur 1, tough skin 3
a: Berserk, Trog's Hand, Brothers in Arms, Renounce Religion, Evoke Blink


You were on level 10 of the Dungeon.
You worshipped Trog.
Trog was greatly pleased with you.
You were not hungry.

You visited 1 branch of the dungeon, and saw 11 of its levels.

You collected 710 gold pieces.

Inventory:

Hand Weapons
 a - the +6 spear "Woilizir" (weapon) {freeze, +Blink}
   (You found it on level 4 of the Dungeon)

   It has been specially enchanted to freeze those struck by it, causing extra
   injury to most foes and up to half again as much damage against particularly
   susceptible opponents.
   It can also slow down cold-blooded creatures.
   It lets you blink.
 b - a +1 war axe of electrocution
 s - the +0 long sword of Pride {antimagic, +Fly rPois rC-}
   (You found it on level 8 of the Dungeon)

   It reduces the magical energy of the wielder, and disrupts the spells and
   magical abilities of those hit.
   Natural abilities and divine invocations are not affected.
   It makes you vulnerable to cold.
   It protects you from poison.
   It lets you fly.
 I - a +1 whip of holy wrath
 K - a +2 vampiric hand axe
 L - a +0 trident of protection
 M - a +0 lajatang
 R - a +5 dagger of venom
Missiles
 H - 62 sling bullets (quivered)
 J - 2 throwing nets
Armour
 A - a +0 animal skin
 T - +0 acid dragon scales (worn)
 U - a +0 troll leather armour
Jewellery
 q - a +5 ring of evasion (left claw)
 w - a ring of see invisible (right claw)
 F - an uncursed ring of resist corrosion
 P - an amulet of guardian spirit (around neck)
 S - an uncursed ring of fire
Wands
 k - a wand of acid (7)
 v - a wand of iceblast (13)
 y - a wand of random effects (22)
 C - a wand of paralysis (17)
Scrolls
 d - 3 scrolls of random uselessness {unknown}
 e - 9 scrolls of identify
 f - 4 scrolls of teleportation
 g - a scroll of magic mapping {unknown}
 i - a scroll of blinking {unknown}
 z - 6 scrolls of remove curse
 B - 2 scrolls of immolation {unknown}
 G - 2 scrolls of amnesia {unknown}
 N - a scroll of enchant armour {unknown}
 O - a scroll of fog {unknown}
Potions
 h - a potion of magic {unknown}
 j - 2 potions of haste {unknown}
 l - 5 potions of curing
 m - 3 potions of agility {unknown}
 n - 3 potions of heal wounds {unknown}
 o - a potion of invisibility {unknown}
 p - 3 potions of degeneration {unknown}
 r - 2 potions of brilliance {unknown}
 t - a potion of resistance {unknown}
 u - a potion of mutation {unknown}
 x - 3 potions of might {unknown}
 D - 2 potions of berserk rage {unknown}
Books
 E - a manual of Throwing
Miscellaneous
 Q - a phial of floods (inert)
Comestibles
 c - 20 rations


   Skills:
 + Level 5.5 Fighting
 * Level 5.1(7.9) Axes
 - Level 3.8(5.2) Maces & Flails
 + Level 8.5(9.2) Polearms
 * Level 4.7 Throwing
 * Level 4.8 Armour
 + Level 6.1 Dodging
 - Level 0.3 Evocations


You had 9 spell levels left.
You didn't know any spells.
Your spell library was empty.

Dungeon Overview and Level Annotations

Branches:
Dungeon (11/15)            Temple (0/1) D:5             Orc (0/2) D:11
   Lair: D:8-11

Altars:
Ashenzari
Cheibriados
Dithmenos
Elyvilon
Fedhas
Gozag
Kikubaaqudgha
Makhleb
Okawaru
Qazlal
Trog
Uskayaw
Wu Jian
Xom
Zin

Shops:
D:5 *   D:7 (   D:9 :

Annotations:
D:11 Fannar


Innate Abilities, Weirdness & Mutations

You are too large for most types of armour.
You have claws for hands.
Your metabolism is lightning-fast.
You like to eat raw meat.
Your natural rate of healing is unusually fast.
You are covered in fur. (AC +1)
You have extremely tough skin. (AC +3)


Message History

An unseen horror comes into view.
There is a stone staircase leading down here.
Press: ? - help, v - describe, . - travel
Here: an unseen horror (slightly transparent)
The floor.
You're still recovering from your berserk rage.
You fail to use your ability.
The unseen horror misses you. The white ugly thing trunk-slaps you.
The white ugly thing freezes you!!
* * * LOW HITPOINT WARNING * * *
The troll bites you.
* * * LOW HITPOINT WARNING * * *
The troll barely misses you. The troll closely misses you.
Okay, then.
Your skin crawls.
You feel resistant to hostile enchantments.
You feel somewhat more hungry. The unseen horror barely misses you. x2
The white ugly thing trunk-slaps you.
* * * LOW HITPOINT WARNING * * *
The white ugly thing freezes you!!
You die...

############ #...........#####
...........######..............#.
##########.............<.........
###..##.................
##########.###.................
#..........##..................
###.#######.....#................
....#.......#...T................
#####.#.......#.@................
#####..........ux..............#.
....#...####...##..........#..###
≈≈≈≈###......#(..............##
....###.#........####.......##
#####.[..........# #.......#
.##.###...#..##### #......##
............## #.....##
........##### #..####


You could see a white ugly thing, a troll and an unseen horror (invisible).

Vanquished Creatures
  Snorg (D:10)
  The ghost of Qew7 the Slicer, a journeyman TrAr of Hepliaklqana (D:11)
  The ghost of error the Zephyrmancer, a journeyman OpAE of Vehumet (D:10)
  Nergalle (D:10)
  A manticore (D:9)
  A merfolk (D:9)
  A troll (D:11)
  The ghost of n0isemaker the Skirmisher, an amateur DsAK of Lugonu (D:4)
  A hippogriff (D:8)
  A basilisk (D:11)
  An acid dragon (D:11)
  An orc warrior (D:11)
  A black bear (D:10)
  An ice beast (D:9)
  A phantom (D:8)
  A sky beast (D:9)
  4 ogres
  5 centaurs
  2 necrophages
  3 bullfrogs
  A gnoll sergeant (D:8)
  5 scorpions
  7 wights
  2 crimson imps
  A centaur zombie (D:6)
  2 quasits
  2 orc priests
  2 hounds
  A jelly (D:7)
  4 bullfrog skeletons
  A gnoll shaman (D:6)
  2 orc wizards
  An iguana (D:9)
  11 worker ants
  A worker ant zombie (D:7)
  A howler monkey skeleton (D:6)
  8 gnolls
  10 adders
  3 shadow imps
  An adder skeleton (D:5)
  A worm (D:2)
  A dart slug (D:1)
  7 leopard geckos
  14 orcs
  7 bats
  3 giant cockroaches
  5 goblins
  9 hobgoblins
  7 jackals
  6 kobolds
  4 quokkas
  5 frilled lizards
  A giant cockroach zombie (D:6)
  A leopard gecko skeleton (D:6)
  A leopard gecko zombie (D:5)
  A quokka skeleton (D:5)
  6 rats
175 creatures vanquished.

Vanquished Creatures (others)
  A quokka (D:6)
1 creature vanquished.

Grand Total: 176 creatures vanquished

Notes
Turn   | Place    | Note
-------+----------+-------------------------------------------
     0 | D:1      | FishyPogo the Troll Berserker began the quest for the Orb.
     0 | D:1      | Reached XP level 1. HP: 22/22 MP: 0/0
   262 | D:1      | Reached XP level 2. HP: 27/29 MP: 1/1
   852 | D:2      | Reached XP level 3. HP: 36/36 MP: 2/2
   972 | D:2      | Found a bloodstained altar of Trog.
   972 | D:2      | Found an iron altar of Okawaru.
  1210 | D:2      | Found a faded altar of an unknown god.
  1591 | D:2      | Found a stormy altar of Qazlal.
  1767 | D:3      | Reached XP level 4. HP: 44/44 MP: 3/3
  1808 | D:3      | Reached ** piety under Trog
  2073 | D:3      | Reached XP level 5. HP: 53/53 MP: 4/4
  2361 | D:4      | Got a fine spear
  2362 | D:4      | Identified the +6 spear "Woilizir" {freeze, +Blink} (You
                  | found it on level 4 of the Dungeon)
  2530 | D:4      | Found a runed translucent gate.
  2530 | D:4      | Found a runed translucent gate.
  2530 | D:4      | Found a runed translucent gate.
  2531 | D:4      | Noticed n0isemaker's ghost (amateur DsAK)
  2539 | D:4      | Noticed an ogre
  2545 | D:4      | Killed an ogre
  2545 | D:4      | Reached skill level 1 in Axes
  2586 | D:4      | Reached skill level 1 in Polearms
  2586 | D:4      | Reached skill level 1 in Armour
  2586 | D:4      | Reached XP level 6. HP: 61/61 MP: 5/5
  2607 | D:4      | Killed n0isemaker's ghost
  2632 | D:4      | Reached XP level 7. HP: 67/67 MP: 6/6
  2660 | D:4      | Reached skill level 2 in Polearms
  2804 | D:4      | Found an opulent altar of Gozag.
  2804 | D:4      | Found a glowing silver altar of Zin.
  2984 | D:5      | Entered Level 5 of the Dungeon
  2984 | D:5      | Found a burning altar of Makhleb.
  3073 | D:5      | Found Kinuypti's Mass Market.
  3078 | D:5      | Reached skill level 3 in Polearms
  3106 | D:5      | Found a staircase to the Ecumenical Temple.
  3351 | D:5      | Reached *** piety under Trog
  3462 | D:6      | Reached XP level 8. HP: 69/78 MP: 7/7
  3463 | D:6      | Found a white marble altar of Elyvilon.
  3556 | D:6      | Reached skill level 4 in Polearms
  3582 | D:6      | Found a shimmering altar of Xom.
  3811 | D:6      | Found a hide-covered altar of Uskayaw.
  3908 | D:6      | Reached skill level 5 in Polearms
  3996 | D:6      | Found a shattered altar of Ashenzari.
  4004 | D:6      | Found a snail-covered altar of Cheibriados.
  4005 | D:6      | Found a shadowy altar of Dithmenos.
  4251 | D:7      | Found Benal's Weapon Shop.
  4667 | D:7      | Reached XP level 9. HP: 56/82 MP: 8/8
  4831 | D:7      | Found an ornate altar of the Wu Jian Council.
  5074 | D:8      | Reached skill level 6 in Polearms
  5225 | D:8      | Got a scorched long sword
  5226 | D:8      | Identified the +0 long sword of Pride {antimagic, +Fly
                  | rPois rC-} (You found it on level 8 of the Dungeon)
  5870 | D:8      | Reached skill level 5 in Dodging
  6072 | D:9      | Reached **** piety under Trog
  6188 | D:9      | Reached skill level 7 in Polearms
  6410 | D:9      | Noticed a manticore
  6436 | D:9      | Killed a manticore
  6821 | D:9      | Found a blossoming altar of Fedhas.
  6823 | D:9      | Found an ancient bone altar of Kikubaaqudgha.
  6869 | D:9      | Noticed a merfolk
  6883 | D:9      | Killed a merfolk
  6883 | D:9      | Reached skill level 1 in Throwing
  7159 | D:9      | Found Myezxoed's Book Shop.
  7290 | D:10     | Entered Level 10 of the Dungeon
  7290 | D:10     | Found a runed translucent door.
  7292 | D:10     | Noticed error's ghost (journeyman OpAE)
  7330 | D:10     | Killed error's ghost
  7330 | D:10     | Reached XP level 10. HP: 25/92 MP: 9/9
  7734 | D:10     | Noticed Nergalle
  7761 | D:10     | Killed Nergalle
  7761 | D:10     | Reached skill level 5 in Fighting
  7761 | D:10     | Reached skill level 8 in Polearms
  7864 | D:10     | Noticed Snorg
  7891 | D:10     | Killed Snorg
  8338 | D:11     | Found a large runed translucent door.
  8339 | D:11     | Found a large runed translucent door.
  8341 | D:11     | Noticed Qew7's ghost (journeyman TrAr)
  8377 | D:11     | Killed Qew7's ghost
  8377 | D:11     | Reached skill level 5 in Axes
  8468 | D:11     | Found a staircase to the Orcish Mines.
  8489 | D:11     | Noticed a white ugly thing
  8492 | D:11     | Received a gift from Trog
  8507 | D:11     | Noticed Fannar
  8526 | D:10     | Noticed an unseen horror
  8528 | D:10     | Mangled by a white ugly thing

Skill      XL: |  1  2  3  4  5  6  7  8  9 10 |
---------------+-------------------------------+-----
Maces & Flails | 3 |  3.8
Dodging        | 3 4 5 6 |  6.1
Fighting       | 3 4 5 |  5.5
Axes           | 1 2 3 4 5 |  5.1
Polearms       | 1 3 5 7 8 |  8.5
Armour         | 1 2 3 4 |  4.8
Throwing       | 2 4 |  4.7
Evocations     | |  0.3

Action                   |  1- 3 |  4- 6 |  7- 9 | 10-12 || total
-------------------------+-------+-------+-------+-------++-------
Melee: Mace              |   145 |    62 |       |       ||   207
       Spear             |       |    44 |   336 |   114 ||   494
       Whip              |       |       |    10 |       ||    10
       War axe           |       |       |     2 |     6 ||     8
Invok: Berserk           |     1 |     1 |     7 |     4 ||    13
       Trog's Hand       |       |       |     1 |     4 ||     5
 Abil: Evoke Blink       |       |     2 |     1 |     5 ||     8
Evoke: Phial of floods   |       |       |       |     1 ||     1
  Use: Scroll            |       |     3 |     2 |     1 ||     6
  Eat: Chunk             |    23 |    10 |    39 |    12 ||    84
       Ration            |       |       |     1 |     1 ||     2
Armor: Animal skin       |    79 |    24 |    39 |    14 ||   156
       Acid dragon scale |       |       |       |    12 ||    12
Dodge: Dodged            |   122 |    81 |   160 |    83 ||   446
